 Dungeon Crawl Stone Soup version 0.24.0-37-gcf1ca852f1 (webtiles) character file.

Game seed: 16344613963733484002, levelgen mode: deterministic

5569 FishyPogo the Fighter (level 10, -2/92 HPs)
             Began as a Minotaur Berserker on Dec 8, 2019.
             Was a High Priest of Trog.
             Slain by a wyvern (4 damage)
             ... on level 9 of the Dungeon.
             The game lasted 00:24:51 (6921 turns).

FishyPogo the Fighter (Minotaur Berserker)          Turns: 6921, Time: 00:24:52

Health: -2/92      AC:  9    Str: 27    XL:     10   Next: 44%
Magic:  9/9        EV: 13    Int:  4    God:    Trog [*****.]
Gold:   363        SH:  4    Dex:  9    Spells: 9/9 levels left

rFire    + + .     SeeInvis .   I - +6 short sword of Vofaom {holy, *Rage rElec rF+ Stlth+}
rCold    . . .     Gourm    .   J - +0 buckler
rNeg     . . .     Faith    .   p - +0 ring mail
rPois    .         Spirit   .   (helmet restricted)
rElec    +         Reflect  .   (no cloak)
rCorr    .         Harm     .   v - +0 pair of gloves
MR       .....     Rnd*Rage +   G - +0 pair of boots
Stlth    +++.......             x - amulet of regeneration
HPRegen  0.65/turn              l - ring of stealth
MPRegen  0.11/turn              g - +3 ring of strength

@: berserk cooldown, slowed, very slow
A: retaliatory headbutt, horns 2, clumsy 1, fire resistance 1, mutation
resistance 1
a: Berserk, Trog's Hand, Brothers in Arms, Renounce Religion


You were on level 9 of the Dungeon.
You worshipped Trog.
Trog was extremely pleased with you.
You were not hungry.

You visited 1 branch of the dungeon, and saw 9 of its levels.
You also visited: Sewer.

You collected 363 gold pieces.

Inventory:

Hand Weapons
 b - a +3 scimitar
 d - a +2 vampiric dagger
 I - the +6 short sword of Vofaom (weapon) {holy, *Rage rElec rF+ Stlth+}
   (You took it off a centaur on level 6 of the Dungeon)

   It has been blessed by the Shining One to cause great damage to the undead
   and demons.
   It protects you from fire.
   It insulates you from electricity.
   It may make you go berserk in combat.
   It makes you more stealthy.
Missiles
 i - 263 stones
 t - 6 boomerangs (quivered)
 y - 29 poisoned darts
 M - 5 silver javelins
 R - 8 atropa-tipped darts
Armour
 p - a +0 ring mail (worn)
 v - a +0 pair of gloves (worn)
 G - a +0 pair of boots (worn)
 J - a +0 buckler (worn)
Jewellery
 g - a +3 ring of strength (right hand)
 l - a ring of stealth (left hand)
 x - an amulet of regeneration (around neck)
Wands
 a - a wand of digging (5)
 S - a wand of acid (5)
Scrolls
 e - 2 scrolls of remove curse {unknown}
 f - a scroll of fog {unknown}
 j - 7 scrolls of teleportation {unknown}
 m - 2 scrolls of random uselessness {unknown}
 o - 5 scrolls of enchant weapon
 q - a scroll of magic mapping
 r - 3 scrolls of identify
 u - a scroll of blinking
 w - a scroll of immolation {unknown}
 A - 2 scrolls of enchant armour {unknown}
 C - 3 scrolls of fear {unknown}
 H - a scroll of amnesia
 N - a scroll of summoning {unknown}
Potions
 h - 4 potions of agility {unknown}
 k - 4 potions of might {unknown}
 n - 2 potions of mutation
 s - 2 potions of heal wounds {unknown}
 z - 2 potions of curing
 B - 2 potions of invisibility {unknown}
 D - a potion of magic {unknown}
 E - a potion of degeneration {unknown}
 F - a potion of ambrosia {unknown}
 L - 2 potions of resistance {unknown}
 O - a potion of haste {unknown}
 P - a potion of cancellation {unknown}
 Q - a potion of lignification {unknown}
 T - a potion of brilliance {unknown}
Comestibles
 c - 20 rations
 K - 20 chunks of flesh


   Skills:
 + Level 9.7 Fighting
 * Level 8.2(8.6) Short Blades
 - Level 3.9(6.9) Long Blades
 - Level 5.0 Throwing
 * Level 9.3 Armour
 - Level 5.2 Dodging
 - Level 3.0 Stealth
 + Level 4.3 Shields


You had 9 spell levels left.
You didn't know any spells.
Your spell library contained the following spells:

 Spells                   Type           Power        Failure   Level  Hunger
 Confusing Touch          Hex            #.....       61%         1    ##.....
 Confuse                  Hex            #.......     93%         3    ####...
 Gell's Gravitas          Tloc           #.........   93%         3    ####...
 Petrify                  Tmut/Erth      #.......     100%        4    #####..
 Metabolic Englaciation   Hex/Ice        #.........   100%        5    ######.
 Yara's Violent Unravell  Hex/Tmut       #.........   100%        5    ######.


Dungeon Overview and Level Annotations

Branches:
Dungeon (9/15)             Temple (0/1) D:6            Lair (0/6) D:9
  Sewer (visited)
    Orc: D:9-12

Altars:
Elyvilon
Nemelex Xobeh
Okawaru
Ru
Wu Jian
Xom

Annotations:
D:4 1 runed translucent door, FishyPogo's ghost, amateur GnSk


Innate Abilities, Weirdness & Mutations

You reflexively headbutt those who attack you in melee.
You have a pair of horns on your head.
You are clumsy. (Dex -2)
Your flesh is heat resistant. (rF+)
You are somewhat resistant to further mutation.


Message History

Your ogre hits the orc warrior with a +0 giant club!
The orc warrior hits you but does no damage.
The wyvern closely misses you. You furiously retaliate!
You headbutt the wyvern, but do no damage.
The wyvern barely misses you.
You hit the orc warrior. Your headbutt misses the orc warrior.
The orc warrior is moderately wounded.
Your ogre hits the orc warrior but does no damage.
The orc warrior hits you with a +2 flail of crushing!
* * * LOW HITPOINT WARNING * * *
x2 The wyvern closely misses you.
Your ogre hits the orc warrior with a +0 giant club!!
The orc warrior dies!
Trog accepts your kill.
It was a potion of mutation.
You feel extremely strange.
You feel resistant to heat.
You feel genetically stable.
You feel clumsy. The wyvern bites you.
* * * LOW HITPOINT WARNING * * *
The wyvern bites you.
You die...

.............#........
..............#........
..............#........
..............#........
..............+........
8.....8.......#########
......................
......)!(..)..........
......O@l#####........
..>...)..# #........
.........# #........
8.....8..# #........
.........# #........
#........+ ########.
#........# #........#


You could see a wyvern and a friendly ogre (berserk).

Vanquished Creatures
  A deep elf mage (D:9)
  Psyche (D:8)
  Prince Ribbit (D:5)
  A vampire (D:7)
  A spriggan (D:8)
  Sigmund (D:5)
  4 yaks (D:9)
  2 basilisks (D:9)
  3 porcupines (D:9)
  A water moccasin (D:7)
  An orc warrior (D:6)
  2 ice beasts
  2 sky beasts (D:9)
  A black bear (D:7)
  3 ogres
  3 centaurs
  2 crocodiles (D:9)
  A big kobold (Sewer)
  2 bullfrogs (D:6)
  2 scorpions
  A wyvern skeleton (D:8)
  9 wights
  A crimson imp (D:9)
  A howler monkey (D:4)
  A quasit (D:9)
  3 bullfrog zombies
  A centaur zombie (D:7)
  6 hounds
  2 jellies
  4 orc wizards
  An orc priest (D:9)
  2 bullfrog skeletons
  An iguana (D:7)
  A worker ant (D:7)
  A hound zombie (D:6)
  A hound skeleton (D:5)
  9 gnolls
  9 adders
  A river rat (Sewer)
  A shadow imp (D:7)
  3 oozes (Sewer)
  11 worms
  2 dart slugs
  3 leopard geckos
  15 orcs
  3 ball pythons
  7 bats
  9 giant cockroaches
  10 goblins
  10 hobgoblins
  14 kobolds
  4 quokkas
  6 frilled lizards
  A jackal skeleton (D:4)
  2 leopard gecko skeletons
  A quokka skeleton (D:8)
  15 rats
207 creatures vanquished.

Vanquished Creatures (collateral kills)
  An orc warrior (D:9)
1 creature vanquished.

Grand Total: 208 creatures vanquished

Notes
Turn   | Place    | Note
-------+----------+-------------------------------------------
     0 | D:1      | FishyPogo the Minotaur Berserker began the quest for the
                  | Orb.
     0 | D:1      | Reached XP level 1. HP: 19/19 MP: 0/0
    89 | D:1      | Reached XP level 2. HP: 20/27 MP: 1/1
   291 | D:1      | Reached ** piety under Trog
   512 | D:1      | Reached XP level 3. HP: 33/33 MP: 2/2
   751 | D:2      | Reached skill level 1 in Short Blades
  1221 | D:2      | Reached XP level 4. HP: 40/40 MP: 3/3
  1613 | D:3      | Found a sacrificial altar of Ru.
  1748 | D:3      | Reached skill level 1 in Stealth
  1775 | D:3      | Reached *** piety under Trog
  2186 | D:4      | Noticed an ogre
  2190 | D:4      | Reached XP level 5. HP: 47/47 MP: 4/4
  2193 | D:4      | Killed an ogre
  2193 | D:4      | Reached skill level 1 in Throwing
  2208 | D:4      | Found a runed translucent door.
  2208 | D:4      | Noticed FishyPogo's ghost (amateur GnSk)
  2234 | D:4      | Reached skill level 5 in Fighting
  2255 | D:4      | Reached XP level 6. HP: 36/56 MP: 5/5
  2344 | D:4      | Found an ornate altar of the Wu Jian Council.
  2798 | D:5      | Entered Level 5 of the Dungeon
  2904 | D:5      | Found a glowing drain.
  2913 | Sewer    | Entered a sewer
  3367 | Sewer    | Reached XP level 7. HP: 58/62 MP: 6/6
  3486 | Sewer    | Reached **** piety under Trog
  3603 | D:5      | Noticed Sigmund
  3613 | D:5      | Killed Sigmund
  3646 | D:5      | Reached skill level 5 in Armour
  3809 | D:5      | Noticed Prince Ribbit
  3850 | D:5      | Killed Prince Ribbit
  3850 | D:5      | Reached skill level 5 in Dodging
  3850 | D:5      | Reached XP level 8. HP: 71/71 MP: 7/7
  4350 | D:6      | Identified the +6 short sword of Vofaom {holy, *Rage rElec
                  | rF+ Stlth+}
  4702 | D:6      | Reached skill level 5 in Short Blades
  4733 | D:6      | Found a shimmering altar of Xom.
  4974 | D:6      | Found a staircase to the Ecumenical Temple.
  5201 | D:7      | Reached skill level 1 in Shields
  5267 | D:7      | Reached XP level 9. HP: 81/81 MP: 8/8
  5348 | D:7      | Reached ***** piety under Trog
  5393 | D:7      | Found a shimmering altar of Xom.
  5464 | D:7      | Found a white marble altar of Elyvilon.
  5465 | D:7      | Found a sparkling altar of Nemelex Xobeh.
  5533 | D:7      | Found an iron altar of Okawaru.
  6030 | D:8      | Received a gift from Trog
  6266 | D:8      | Noticed Psyche
  6274 | D:8      | Killed Psyche
  6726 | D:9      | Reached XP level 10. HP: 91/91 MP: 9/9
  6733 | D:9      | Found a staircase to the Lair.
  6893 | D:9      | Noticed a deep elf mage
  6906 | D:9      | Killed a deep elf mage
  6906 | D:9      | Reached skill level 5 in Throwing
  6908 | D:9      | Received a gift from Trog
  6920 | D:9      | HP: 4/92 [orc warrior/+2 flail of crushing (3)]
  6921 | D:9      | Gained mutation: Your flesh is heat resistant. (rF+)
                  | [potion of mutation]
  6921 | D:9      | Gained mutation: You are somewhat resistant to further
                  | mutation. [potion of mutation]
  6921 | D:9      | Gained mutation: You are clumsy. (Dex -2) [potion of
                  | mutation]
  6921 | D:9      | Slain by a wyvern

Levels and vault maps discovered:
D:1:      zelgadis_glass_arrival_small, layout_loops_ring
D:2:      layout_loops_ring
D:3:      layout_basic, nicolae_ru_great_annihilating_truth, serial_park_tiny_2
D:4:      layout_gridville, kennysheep_little_box,
          hellmonk_ghost_happy_afterlife
D:5:      layout_gridville, first_ration, gup_sewer_entry_spiral, uniq_sigmund,
          uniq_prince_ribbit1
D:6:      layout_basic, minmay_temple_entry_offerings, lemuel_tele_altar
D:7:      layout_rooms, okawaru_altar_gauntlet_db, xom_teletrap_fun,
          gammafunk_temple_overflow_pools
D:8:      layout_basic, grunt_pizzeria, uniq_psyche
D:9:      layout_gridville, minmay_lair_entry_grove, st_stairs_1

Skill      XL: |  1  2  3  4  5  6  7  8  9 10 |
---------------+-------------------------------+-----
Fighting       | 4 5 6 7 9 |  9.7
Short Blades   | 1 2 3 4 6 7 8 |  8.2
Dodging        | 3 4 5 |  5.2
Armour         | 3 4 5 7 8 9 |  9.3
Stealth        | 1 2 3 |  3.0
Throwing       | 1 2 3 4 5 |  5.0
Shields        | 1 4 |  4.3
Long Blades    | |  3.9

Action                   |  1- 3 |  4- 6 |  7- 9 | 10-12 || total
-------------------------+-------+-------+-------+-------++-------
Melee: Falchion          |    10 |       |       |       ||    10
       Headbutt          |    10 |    33 |    59 |     5 ||   107
       Dagger            |    76 |   160 |    74 |       ||   310
       Short sword       |       |       |   162 |    48 ||   210
Throw: Stone             |     4 |     5 |    18 |       ||    27
       Dart              |       |       |     2 |       ||     2
       Boomerang         |       |       |     8 |       ||     8
Invok: Berserk           |     2 |     1 |     7 |       ||    10
       Brothers in Arms  |       |       |       |     1 ||     1
  Use: Scroll            |       |     4 |       |       ||     4
       Potion            |       |       |       |     2 ||     2
 Stab: Sleeping          |     3 |     5 |    11 |       ||    19
       Paralysed         |       |     1 |       |       ||     1
  Eat: Chunk             |     3 |     8 |    16 |     2 ||    29
Armor: Animal skin       |    11 |       |       |       ||    11
       Ring mail         |     8 |    18 |    47 |    18 ||    91
Dodge: Dodged            |    31 |    62 |    75 |    48 ||   216
Block: Buckler           |       |       |    18 |    11 ||    29
       Rpst.: Falchion   |     4 |       |       |       ||     4
